PL
BOSTON PATRIOTS @ ATLANTA SMOKE
08/20/2023
 
TOP OF THE 1ST
Boston Patriots batting - Pitching for Atlanta Smoke : RHP Enrique Cortéz
Pitching: RHP Enrique Cortéz
Batting: LHB Alberto Enríquez 0-0: Ball
1-0: Foul Ball, location: 2F
1-1: Ground out U3 (Groundball, 3)
Batting: RHB Enrique Pérez 0-0: Ball
1-0: Called Strike
1-1: Swinging Strike
1-2: SINGLE (Line Drive, 9LS)
Batting: RHB Tamasaburo Kato 0-0: Called Strike
0-1: Foul Ball, location: 2F
0-2: Strikes out swinging
Batting: RHB Karl Schultz 0-0: Called Strike
0-1: Ball
1-1: SINGLE (Line Drive, 4MD)
Enrique Pérez to second
Batting: RHB Tommy Jones 0-0: Ball
1-0: Foul Ball, location: 2F
1-1: Ball
2-1: SINGLE (Line Drive, 78M)
Enrique Pérez to third
Karl Schultz to second
Runner from 3rd tries for Home, SAFE, no throw or cutoff
Batting: RHB Wilfred McLaughlin 0-0: Ball
1-0: Ball
2-0: Ball
3-0: Called Strike
3-1: Base on Balls
Karl Schultz to third
Tommy Jones to second
Batting: RHB Terry Armstrong 0-0: Ball
1-0: Foul Ball, location: 2F
1-1: Ground out 4-3 (Groundball, 4)
Top of the 1st over - 1 run(s), 3 hit(s), 0 error(s), 3 left on base; Boston 1 - Atlanta 0
BOTTOM OF THE 1ST
Atlanta Smoke batting - Pitching for Boston Patriots : RHP Bruce Wright
Pitching: RHP Bruce Wright
Batting: LHB Bernardo Elías 0-0: Ball
1-0: Ball
2-0: Ball
3-0: Called Strike
3-1: Foul Ball, location: 2F
3-2: Strikes out swinging
Batting: RHB Cale Sutton 0-0: Ball
1-0: Called Strike
1-1: Called Strike
1-2: Foul Ball, location: 2F
1-2: Ball
2-2: Ball
3-2: Fly out, F7 (Flyball, 8LXD)
Batting: LHB Albert Morán 0-0: Ball
1-0: Fly out, F8 (Flyball, 8RS)
Bottom of the 1st over - 0 run(s), 0 hit(s), 0 error(s), 0 left on base; Boston 1 - Atlanta 0
TOP OF THE 2ND
Boston Patriots batting - Pitching for Atlanta Smoke : RHP Enrique Cortéz
Batting: LHB Bill Chambers 0-0: Called Strike
0-1: Ground out U3 (Groundball, 3L)
Batting: RHB Ted Cook 0-0: Ball
1-0: Ball
2-0: Foul Ball, location: 2F
2-1: Foul Ball, location: 2F
2-2: Hit by Pitch
Batting: LHB Alberto Enríquez 0-0: Called Strike
0-1: Foul Ball, location: 2F
0-2: Ball
1-2: Strikes out swinging
Batting: RHB Enrique Pérez 0-0: Ball
Balk!
Ted Cook to second
1-0: Foul Ball, location: 2F
1-1: Fly out, F8 (Line Drive, 8LD)
Top of the 2nd over - 0 run(s), 0 hit(s), 0 error(s), 1 left on base; Boston 1 - Atlanta 0
BOTTOM OF THE 2ND
Atlanta Smoke batting - Pitching for Boston Patriots : RHP Bruce Wright
Batting: LHB Carl Gore 0-0: Called Strike
0-1: Foul Ball, location: 2F
0-2: Strikes out swinging
Batting: RHB Iván Pérez 0-0: Ball
1-0: Foul Ball, location: 2F
1-1: SINGLE (Line Drive, 9S)
Batting: RHB Chris Teague 0-0: Ball
1-0: Ball
2-0: Called Strike
2-1: Foul Ball, location: 2F
2-2: Ball
3-2: Base on Balls
Iván Pérez to second
Batting: RHB Anthony Johnston 0-0: Ball
1-0: Swinging Strike
1-1: Ball
2-1: Foul Ball, location: 2F
2-2: Strikes out swinging
Batting: RHB Bartolo Morales 0-0: Ball
1-0: Foul Ball, location: 2F
1-1: Ball
2-1: Ball
3-1: Foul Ball, location: 2F
3-2: Strikes out swinging
Bottom of the 2nd over - 0 run(s), 1 hit(s), 0 error(s), 2 left on base; Boston 1 - Atlanta 0
TOP OF THE 3RD
Boston Patriots batting - Pitching for Atlanta Smoke : RHP Enrique Cortéz
Batting: RHB Tamasaburo Kato 0-0: Fly out, F4 (Line Drive, 4)
Batting: RHB Karl Schultz 0-0: Called Strike
0-1: Swinging Strike
0-2: Fly out, F6 (Line Drive, 6M)
Batting: RHB Tommy Jones 0-0: Called Strike
0-1: Ball
1-1: Called Strike
1-2: Ball
2-2: SINGLE (Groundball, 56)
Batting: RHB Wilfred McLaughlin 0-0: Ball
Tommy Jones steals 2nd base
1-0: Swinging Strike
1-1: Ball
2-1: Ground out 5-3 (Groundball, 15S)
Top of the 3rd over - 0 run(s), 1 hit(s), 0 error(s), 1 left on base; Boston 1 - Atlanta 0
BOTTOM OF THE 3RD
Atlanta Smoke batting - Pitching for Boston Patriots : RHP Bruce Wright
Batting: RHB Joe Runyon 0-0: Called Strike
0-1: SINGLE (Line Drive, 89M)
Batting: LHB Bernardo Elías 0-0: Called Strike
0-1: Foul Ball, location: 2F
0-2: Strikes out looking
Batting: RHB Cale Sutton 0-0: Called Strike
0-1: Ball
1-1: Fly out, F4 (Line Drive, 4)
Batting: LHB Albert Morán 0-0: Ball
1-0: Ball
2-0: Foul Ball, location: 2F
2-1: Fly out, F6 (Popup, 6)
Bottom of the 3rd over - 0 run(s), 1 hit(s), 0 error(s), 1 left on base; Boston 1 - Atlanta 0
TOP OF THE 4TH
Boston Patriots batting - Pitching for Atlanta Smoke : RHP Enrique Cortéz
Batting: RHB Terry Armstrong 0-0: Ball
1-0: Ball
2-0: Ball
3-0: Base on Balls
Batting: LHB Bill Chambers 0-0: Ball
1-0: Grounds into double play, 6-4-3 (Groundball, 6)
Batting: RHB Ted Cook 0-0: Swinging Strike
0-1: Ground out 4-3 (Groundball, 4)
Top of the 4th over - 0 run(s), 0 hit(s), 0 error(s), 0 left on base; Boston 1 - Atlanta 0
BOTTOM OF THE 4TH
Atlanta Smoke batting - Pitching for Boston Patriots : RHP Bruce Wright
Batting: LHB Carl Gore 0-0: Called Strike
0-1: Ball
1-1: Ball
2-1: Foul Ball, location: 2F
2-2: Strikes out looking
Batting: RHB Iván Pérez 0-0: Ball
1-0: Ball
2-0: Ball
3-0: Base on Balls
Batting: RHB Chris Teague 0-0: Fly out, F8 (Flyball, 8RXD)
Batting: RHB Anthony Johnston 0-0: Ball
1-0: Swinging Strike
1-1: Ground out 4-3 (Groundball, 4)
Bottom of the 4th over - 0 run(s), 0 hit(s), 0 error(s), 1 left on base; Boston 1 - Atlanta 0
TOP OF THE 5TH
Boston Patriots batting - Pitching for Atlanta Smoke : RHP Enrique Cortéz
Batting: LHB Alberto Enríquez 0-0: Fly out, F7 (Flyball, 78S)
Batting: RHB Enrique Pérez 0-0: Called Strike
0-1: Swinging Strike
0-2: Foul Ball, location: 2F
0-2: Foul Ball, location: 2F
0-2: Strikes out swinging
Batting: RHB Tamasaburo Kato 0-0: Foul Ball, location: 2F
0-1: Foul Ball, location: 2F
0-2: Ball
1-2: Ground out 2-3 (Groundball, 2R)
Top of the 5th over - 0 run(s), 0 hit(s), 0 error(s), 0 left on base; Boston 1 - Atlanta 0
BOTTOM OF THE 5TH
Atlanta Smoke batting - Pitching for Boston Patriots : RHP Bruce Wright
Batting: RHB Bartolo Morales 0-0: Ball
1-0: Ground out 5-3 (Groundball, 5)
Batting: RHB Joe Runyon 0-0: Called Strike
0-1: Ball
1-1: Foul Ball, location: 2F
1-2: Foul Ball, location: 2F
1-2: Ball
2-2: Fly out, F6 (Popup, 4M)
Batting: LHB Bernardo Elías 0-0: Ball
1-0: Ball
2-0: Ball
3-0: Called Strike
3-1: Base on Balls
Batting: RHB Cale Sutton 0-0: Ball
Bernardo Elías steals 2nd base
1-0: Swinging Strike
1-1: Ball
2-1: Ball
3-1: Reached on error, E5 (Groundball, 56)
Bernardo Elías to third
Batting: LHB Albert Morán 0-0: Ball
1-0: 3-RUN HOME RUN (Line Drive, 9D), Distance : 407 ft
Batting: LHB Carl Gore 0-0: Ball
1-0: Called Strike
1-1: Fly out, F9 (Line Drive, 9M)
Bottom of the 5th over - 3 run(s), 1 hit(s), 1 error(s), 0 left on base; Boston 1 - Atlanta 3
TOP OF THE 6TH
Boston Patriots batting - Pitching for Atlanta Smoke : RHP Enrique Cortéz
Batting: RHB Karl Schultz 0-0: Foul Ball, location: 2F
0-1: Called Strike
0-2: Ball
1-2: DOUBLE (Line Drive, 78D)
Batting: RHB Tommy Jones 0-0: Ball
1-0: Foul Ball, location: 2F
1-1: Ball
2-1: Ball
3-1: Base on Balls
Batting: RHB Wilfred McLaughlin 0-0: Grounds into double play, 6-4-3 (Groundball, 6)
Karl Schultz to third
Batting: RHB Terry Armstrong 0-0: Foul Ball, location: 2F
0-1: Foul Ball, location: 2F
0-2: Strikes out swinging
Top of the 6th over - 0 run(s), 1 hit(s), 0 error(s), 1 left on base; Boston 1 - Atlanta 3
BOTTOM OF THE 6TH
Atlanta Smoke batting - Pitching for Boston Patriots : RHP Bruce Wright
Batting: RHB Iván Pérez 0-0: Foul Ball, location: 2F
0-1: Swinging Strike
0-2: Ground out 4-3 (Groundball, 4)
Batting: RHB Chris Teague 0-0: Called Strike
0-1: Ball
1-1: Ground out 6-3 (Groundball, 6)
Batting: RHB Anthony Johnston 0-0: Called Strike
0-1: Called Strike
0-2: Ball
1-2: Strikes out swinging
Bottom of the 6th over - 0 run(s), 0 hit(s), 0 error(s), 0 left on base; Boston 1 - Atlanta 3
TOP OF THE 7TH
Boston Patriots batting - Pitching for Atlanta Smoke : RHP Enrique Cortéz
Batting: LHB Bill Chambers 0-0: Ball
1-0: Foul Ball, location: 2F
1-1: Ball
2-1: Ball
3-1: Base on Balls
Batting: RHB Ted Cook 0-0: Bunted foul
0-1: Sac Bunt - play at first, batter safe!
Bill Chambers to second
Batting: LHB Alberto Enríquez 0-0: Swinging Strike
0-1: Ball
1-1: Sac Bunt - play at first, batter OUT! 1-4
Bill Chambers to third
Ted Cook to second
Batting: RHB Enrique Pérez 0-0: Called Strike
0-1: Ball
1-1: Ball
2-1: SINGLE (Groundball, 6MD)
Bill Chambers scores
Ted Cook to third
Runner from 3rd tries for Home, SAFE, no throw or cutoff
Batting: RHB Tamasaburo Kato 0-0: Ball
1-0: Fly out, F4 (Popup, 4M)
Batting: RHB Karl Schultz 0-0: Called Strike
0-1: Swinging Strike
0-2: Fielders Choice at 2nd, U6 (Groundball, 6M)
Top of the 7th over - 2 run(s), 2 hit(s), 0 error(s), 1 left on base; Boston 3 - Atlanta 3
BOTTOM OF THE 7TH
Atlanta Smoke batting - Pitching for Boston Patriots : RHP Bruce Wright
Batting: RHB Bartolo Morales 0-0: Called Strike
0-1: Fly out, F8 (Flyball, 8RM)
Pinch Hitting: RHB Mike Lyon 0-0: Foul Ball, location: 2F
0-1: Foul Ball, location: 2F
0-2: Foul Ball, location: 2F
0-2: SINGLE (Line Drive, 89S)
Pitching: LHP John Coleman
Batting: LHB Bernardo Elías 0-0: Ball
1-0: Swinging Strike
1-1: Ball
2-1: Swinging Strike
2-2: Ball
3-2: Strikes out swinging
Batting: RHB Cale Sutton 0-0: Fly out, F9 (Flyball, 89M)
Bottom of the 7th over - 0 run(s), 1 hit(s), 0 error(s), 1 left on base; Boston 3 - Atlanta 3
TOP OF THE 8TH
Boston Patriots batting - Pitching for Atlanta Smoke : RHP Enrique Cortéz
Now at 2B: Ricardo Miranda
Batting: RHB Tommy Jones 0-0: Fly out, F9 (Flyball, 9D)
Batting: RHB Wilfred McLaughlin 0-0: Foul Ball, location: 2F
0-1: Ball
1-1: Ball
2-1: Ball
3-1: Base on Balls
Pitching: RHP Iván García
Batting: RHB Terry Armstrong 0-0: Ball
1-0: Swinging Strike
1-1: Ball
2-1: TRIPLE (Line Drive, 78XD)
Wilfred McLaughlin scores
Batting: LHB Bill Chambers 0-0: Intentional Walk
Batting: RHB Ted Cook 0-0: Ball
Bill Chambers steals 2nd base
1-0: Foul Ball, location: 2F
1-1: Swinging Strike
1-2: Strikes out looking
Batting: LHB Alberto Enríquez 0-0: Ball
1-0: Ball
2-0: Called Strike
2-1: Foul Ball, location: 2F
2-2: Ball
3-2: Base on Balls
Batting: RHB Enrique Pérez 0-0: Ball
1-0: Called Strike
1-1: Ball
2-1: Foul Ball, location: 2F
2-2: Ball
3-2: Base on Balls
Terry Armstrong scores
Bill Chambers to third
Alberto Enríquez to second
Batting: RHB Tamasaburo Kato 0-0: Called Strike
0-1: SINGLE (Line Drive, 8LS)
Bill Chambers scores
Alberto Enríquez to third
Enrique Pérez to second
Pitching: RHP Fred Pitts
Batting: RHB Karl Schultz 0-0: Ball
1-0: Called Strike
1-1: Ball
2-1: Ball
3-1: Swinging Strike
3-2: SINGLE (Flyball, 8LS)
Alberto Enríquez scores
Enrique Pérez to third
Tamasaburo Kato to second
Enrique Pérez scores
Tamasaburo Kato to third
Batting: RHB Tommy Jones 0-0: Swinging Strike
0-1: Ball
1-1: Ball
2-1: SINGLE (Flyball, 78S)
Tamasaburo Kato scores
Karl Schultz to second
Batting: RHB Wilfred McLaughlin 0-0: Ball
1-0: Called Strike
1-1: Fly out, F8 (Flyball, 8RXD)
Top of the 8th over - 6 run(s), 4 hit(s), 0 error(s), 2 left on base; Boston 9 - Atlanta 3
BOTTOM OF THE 8TH
Atlanta Smoke batting - Pitching for Boston Patriots : LHP John Coleman
Batting: LHB Albert Morán 0-0: Swinging Strike
0-1: Called Strike
0-2: Ball
1-2: Ground out 4-3 (Groundball, 4)
Pitching: LHP Jesús Caldero
Batting: LHB Carl Gore 0-0: Ball
1-0: Ball
2-0: Called Strike
2-1: Ground out 4-3 (Groundball, 4)
Batting: RHB Iván Pérez 0-0: Called Strike
0-1: Ground out 5-3 (Groundball, 5S)
Bottom of the 8th over - 0 run(s), 0 hit(s), 0 error(s), 0 left on base; Boston 9 - Atlanta 3
TOP OF THE 9TH
Boston Patriots batting - Pitching for Atlanta Smoke : RHP Fred Pitts
Batting: RHB Terry Armstrong 0-0: Ball
1-0: Swinging Strike
1-1: Foul Ball, location: 2F
1-2: Ball
2-2: Ball
3-2: Fly out, F8 (Flyball, 8RM)
Batting: LHB Bill Chambers 0-0: Fly out, F9 (Flyball, 9D)
Batting: RHB Ted Cook 0-0: Called Strike
0-1: Foul Ball, location: 2F
0-2: Strikes out swinging
Top of the 9th over - 0 run(s), 0 hit(s), 0 error(s), 0 left on base; Boston 9 - Atlanta 3
BOTTOM OF THE 9TH
Atlanta Smoke batting - Pitching for Boston Patriots : LHP Jesús Caldero
Batting: RHB Chris Teague 0-0: Ball
1-0: Called Strike
1-1: Foul Ball, location: 2F
1-2: Ground out 4-3 (Groundball, 4)
Batting: RHB Anthony Johnston 0-0: Fly out, F9 (Flyball, 89M)
Batting: RHB Bartolo Morales 0-0: Ball
1-0: Called Strike
1-1: Called Strike
1-2: Foul Ball, location: 2F
1-2: Strikes out swinging
Bottom of the 9th over - 0 run(s), 0 hit(s), 0 error(s), 0 left on base; Boston 9 - Atlanta 3
This league is powered by Out of the Park Baseball, the baseball management simulation game for PC, Mac and Linux
Friday, July 8th, 2016 - OOTP Baseball 16.9 Build 39